Map: Overgrowth LE (Void)

Players

kpdc

  • Race: Terran Terran
  • Spawn Location: 7:00

DeathHarvest - Winner!

  • Race: Terran Terran
  • League: Gold
  • Spawn Location: 1:00

VOD

Have the link to the VOD?

Description

Time

  • Played on: Dec. 29, 2016, 3:53 p.m.
  • Length: 5:13
Show
View Real Time Build Order
Export as new Build Order

kpdc Terran 

Build Orders:  

Get SALT Encoding   

  12  0:02  SCV  
  13  0:40  SCV  
  14  0:44  Supply Depot  
  14  0:49  Refinery  
  14  0:52  SCV  
  14  0:53  Supply Depot  
  15  1:06  SCV  
  15  1:07  Refinery  
  15  1:08  Supply Depot  
  16  1:18  SCV  
  17  1:24  Barracks  
  17  1:30  SCV  
  18  1:44  SCV  
  19  2:02  Barracks  
  19  2:05  SCV  
  20  2:17  SCV  
  21  2:29  SCV  
  22  2:31  Command Center  
  22  2:48  SCV  
  22  2:50  Engineering Bay  
  23  2:53  Marine  
  23  2:54  Marine  
  24  3:00  SCV  
  24  3:11  Marine  
  16  3:29  Marine  
  15  3:46  Supply Depot  
  15  3:47  Marine  
  16  3:50  Marine  
  17  3:56  SCV  
  18  4:08  SCV  
  19  4:11  SCV  
  20  4:20  SCV  
  20  4:23  SCV  
  22  4:29  Barracks  
  22  4:40  SCV  
  22  4:42  Marine  
  22  4:43  Marine  
  20  4:53  SCV  
Show
View Real Time Build Order
Export as new Build Order

DeathHarvest Terran - Winner!

Build Orders:  

Get SALT Encoding   

  12  0:00  SCV  
  13  0:12  SCV  
  14  0:19  Supply Depot  
  14  0:26  SCV  
  15  0:30  Refinery  
  15  0:42  Barracks  
  15  0:45  SCV  
  16  1:03  SCV, Barracks  
  17  1:17  SCV  
  18  1:25  Barracks  
  18  1:31  Reaper  
  19  1:35  Orbital Command  
  19  1:50  Reaper  
  21  2:13  Command Center  
  20  2:17  SCV  
  22  2:29  SCV  
  22  2:31  Supply Depot x2  
  22  2:33  Marine  
  23  2:52  SCV, Marine x3  
  27  3:04  SCV  
  28  3:10  Marine  
  29  3:15  Marine x2  
  31  3:26  SCV  
  32  3:27  Refinery, Barracks  
  32  3:28  Marine  
  32  3:30  Barracks  
  32  3:46  Orbital Command  
  31  3:51  Marine  
  31  3:52  Marine x2  
  34  3:56  SCV  
  35  4:08  SCV  
  35  4:09  Marine x2  
  37  4:10  Marine  
  37  4:13  SCV  
  40  4:19  Marine x2  
  40  4:20  SCV  
  43  4:25  SCV  
  43  4:27  Marine x3  
  43  4:30  Engineering Bay  
  43  4:31  Engineering Bay  
  47  4:36  Marine  
  47  4:37  Marine  
  48  4:50  Marine x3  
  51  4:54  Marine x2  
  51  4:58  SCV  
  54  5:06  Supply Depot  
  54  5:07  Supply Depot  
  54  5:09  Supply Depot  
Tags
 
League
Gold
Matchup
TvT
Race
Terran
Spawn Locations
Cross Positions
Add a new tag
Caveats
  • Supply blocks, unpowered buildings, or Contaminate may cause inaccurate times.
  • Supply counts are checked every 10 seconds.